 Dungeon Sprint DCSS version 0.30-a0-1066-g63dfefce0d (webtiles) character file.

Game seed: 8441563425416240010

14 dduke234 the Protected (level 6, -1/65 HPs)
             Began as an Armataur Fighter on Apr 12, 2023.
             Was an Initiate of Gozag.
             Succumbed to a scorpion's poison
             ... in the Dungeon (Sprint VI: "Thunderdome").
             The game lasted 00:03:30 (275 turns).

dduke234 the Protected (Armataur Fighter)            Turns: 275, Time: 00:03:30

Health: -1/65      AC:  8    Str: 21    XL:     6   Next: 30%
Magic:  6/6        EV:  8    Int:  9    God:    Gozag
Gold:   235        SH:  0    Dex: 11    Spells: 5/5 levels left

rFire   + . .      SeeInvis .    o - +0 triple sword
rCold   + . .      Faith    .    (shield currently unavailable)
rNeg    . . .      Spirit   .    b - +0 scale mail
rPois   +          Reflect  .    (no helmet)
rElec   +          Roll     +    (no cloak)
rCorr   +          NoTele   +    (no gloves)
Will    .....                    (no barding) Stlth
                                 (no amulet)
HPRegen 0.30/turn                (no ring)
MPRegen 0.10/turn                (no ring)

@: lethally poisoned (-1 -> -14), resistant, gold aura
A: large, rugged brown scales 3, deformed body, armoured tail, roll, long
tongue, awkward tongue
a: Renounce Religion, Potion Petition, Call Merchant, Bribe Branch


You were in the Dungeon.
You worshipped Gozag.
Gozag was aware of your devotion.
You visited 1 branch You collected 535 gold pieces.
You spent 300 gold pieces at shops.

Inventory:

Hand Weapons
 a - a +0 long sword
 o - a +0 triple sword (weapon)
Armour
 b - a +0 scale mail (worn)
 c - a +0 buckler
Wands
 l - a wand of light (4)
 m - a wand of iceblast (4)
Scrolls
 j - 4 scrolls of blinking
 n - 3 scrolls of fog
Potions
 d - a potion of might
 g - 4 potions of haste
 h - 2 potions of magic
 i - a potion of berserk rage


   Skills:
 * Level 7.8 Fighting
 + Level 3.7 Long Blades
 * Level 10.1 Armour
 + Level 1.7 Dodging
 - Level 7.1 Shields
 + Level 1.1 Evocations


You had 5 spell levels left.
You didn't know any spells.
Your spell library was empty.

Dungeon Overview and Level Annotations

Branches:
Dungeon (1/1)

Altars:
Cheibriados
Dithmenos
Fedhas
Gozag
Kikubaaqudgha
Makhleb
Okawaru
Qazlal
Ru
Sif Muna
Trog
Uskayaw
Vehumet
Wu Jian
Xom
Yredelemnul
Zin
The Shining One
Lugonu

Shops:
D *[??*?*:[((!!!!


Innate Abilities, Weirdness & Mutations

You are completely covered in rugged brown scales. (AC +3, +7% HP)
Armour fits poorly on your strangely shaped body.
You have a long armoured tail.
You roll when moving toward enemies. (Rampage)
Your long tongue fully drains potion bottles. (2x potion effects)
Your tongue gives you trouble enunciating. (1.5x scroll delay)


Message History

The killer bee closely misses you. The killer bee stings you!
The scorpion stings you.
* * * LOW HITPOINT WARNING * * *
The killer bee stings you but does no damage.
The scorpion closely misses you.
You feel much better.
You slurp down every last drop of the potion of heal wounds!
You feel very sick. The killer bee stings you!
You are more poisoned.
The killer bee poisons you! The scorpion completely misses you.
The killer bee barely misses you.
You barely miss the scorpion.
The scorpion is severely wounded.
You feel extremely sick. The killer bee barely misses you.
The killer bee closely misses you. The scorpion stings you.
You are more poisoned.
The scorpion poisons you! The killer bee stings you!
The scorpion stings you but does no damage.
You feel protected.
You slurp down every last drop of the potion of resistance!
You feel very sick.
The killer bee stings you but does no damage.
The scorpion stings you but does no damage.
The killer bee stings you!
* * * LOW HITPOINT WARNING * * *
You slash the scorpion!
You kill the scorpion!
* * * LOW HITPOINT WARNING * * *
You feel extremely sick. The killer bee completely misses you.
The killer bee stings you but does no damage.
The killer bee stings you.
* * * LOW HITPOINT WARNING * * *
Your Armour skill increases to level 10!
Okay, then.
You closely miss the killer bee.
You die...
Your body crumbles into a pile of gold.

##⌠⌠⌠## #.....# ##.....##
##∩.....∩## #∩.......∩#
#........_# #_......._#
#_..y@$...# ###.........###
#⌠...........⌠#
######.8.........8.######
##.___......###.......__∩#
###∩........8.# #.8........∩
##.............###...........
#⌠..........###...###........
#⌠..........# #.<.# #........


You could see a killer bee.

Vanquished Creatures
  Sigmund (D)
  2 scorpions (D)
  A hound (D)
  Terence (D)
  An adder (D)
  A giant cockroach (D)
  A quokka (D)
8 creatures vanquished.

Notes
Turn   | Place    | Note
-------+----------+-------------------------------------------
     0 | D        | dduke234 the Armataur Fighter began the quest for the Orb.
     0 | D        | Reached XP level 1. HP: 19/19 MP: 1/1
     5 | D        | Round 1.
     6 | D        | Noticed Sigmund
     9 | D        | Found a shimmering blue altar of Sif Muna.
     9 | D        | Found an iron altar of Okawaru.
    11 | D        | Killed Sigmund
    12 | D        | Reached skill level 5 in Fighting
    12 | D        | Reached skill level 7 in Armour
    12 | D        | Reached XP level 2. HP: 32/32 MP: 2/2
    12 | D        | Reached XP level 3. HP: 39/39 MP: 3/3
    12 | D        | Reached XP level 4. HP: 47/47 MP: 4/4
    12 | D        | Reached XP level 5. HP: 53/53 MP: 5/5
    12 | D        | Found a snail-covered altar of Cheibriados.
    12 | D        | Found an opulent altar of Gozag.
    13 | D        | Found a sacrificial altar of Ru.
    13 | D        | Found a shadowy altar of Dithmenos.
    14 | D        | Found a radiant altar of Vehumet.
    14 | D        | Found a bloodstained altar of Trog.
    14 | D        | Found Papra's Weapon Rack.
    14 | D        | Found Caluuxim's Premium Goods.
    15 | D        | Found Liuluti's Basic Armour.
    15 | D        | Found Zocsech's Miscellaneous Merchandise.
    22 | D        | Became a worshipper of Gozag Ym Sagoz the Greedy
    30 | D        | Found a hide-covered altar of Uskayaw.
    30 | D        | Noticed Terence
    31 | D        | Found a shimmering altar of Xom.
    50 | D        | Killed Terence
    51 | D        | Reached skill level 8 in Armour
    65 | D        | Reached skill level 1 in Dodging
    77 | D        | Found a corrupted altar of Lugonu.
   103 | D        | Found Jotehoiw's Identification Station.
   105 | D        | Found Zoxkefot's Advanced Armour.
   105 | D        | Found Dyquk's Jewellery.
   106 | D        | Found a burning altar of Makhleb.
   106 | D        | Found a basalt altar of Yredelemnul.
   106 | D        | Found a blossoming altar of Fedhas.
   126 | D        | Arena points: 14 (+14) [x2]
   172 | D        | Bought a +0 triple sword for 300 gold pieces
   185 | D        | Round 2.
   198 | D        | Found a glowing golden altar of the Shining One.
   202 | D        | Found Lemo's Magic Scroll Shop.
   206 | D        | Reached skill level 9 in Armour
   206 | D        | Reached skill level 1 in Evocations
   206 | D        | Reached XP level 6. HP: 62/64 MP: 6/6
   206 | D        | Found a stormy altar of Qazlal.
   206 | D        | Found an ancient bone altar of Kikubaaqudgha.
   206 | D        | Found Owniumuidgh's Staff Store.
   208 | D        | Found Kief Zost's Magic Scroll Shop.
   208 | D        | Found Xusefaz's Must-Have Magic.
   214 | D        | Found an ornate altar of the Wu Jian Council.
   216 | D        | Found a glowing silver altar of Zin.
   218 | D        | Found Naumir's Distillery.
   219 | D        | Found Pojownas's Do-It-Yourself Clinic.
   221 | D        | Found Piyv's Distillery.
   221 | D        | Found Ymmek's Bottled Wisdom.
   275 | D        | Reached skill level 10 in Armour
   275 | D        | Succumbed to a scorpion's poison

Illustrated notes

Levels and vault maps discovered:
D:        arena_sprint

Skill      XL: |  1  2  3  4  5  6 |
---------------+-------------------+-----
Fighting       | 5 7 |  7.8
Long Blades    | 3 |  3.7
Armour         | 7 9 10 | 10.1
Shields        | 7 |  7.1
Dodging        | 1 |  1.7
Evocations     | 1 |  1.1

Action                     |  1- 3 |  4- 6 || total
---------------------------+-------+-------++-------
  Melee: Long sword        |       |    28 ||    28
         Tailslap          |       |     5 ||     5
         Triple sword      |       |    15 ||    15
  Evoke: Wand              |     2 |       ||     2
    Use: Potion            |       |     6 ||     6
 Armour: Skin              |       |    11 ||    11
         Scale mail        |       |    24 ||    24
  Dodge: Dodged            |       |    48 ||    48
  Block: Buckler           |       |    10 ||    10

Table legend: (Time is in decaauts)
 A = Elapsed time spent in this place.
 B = Non-inter-level travel time spent in this place.
 C = Inter-level travel time spent in this place.
 D = Time resting spent in this place.
 E = Time spent auto-exploring this place.
 F = Levels seen in this place.
 G = Mean time per level.
                   A        B        C        D        E       F      G
               +--------+--------+--------+--------+--------+-----+--------+
         Total |    291 |    291 |      0 |      0 |      0 |   1 |  291.0 |
       Dungeon |    291 |    291 |      0 |      0 |      0 |   1 |  291.0 |
               +--------+--------+--------+--------+--------+-----+--------+

Top non-repeatable levels by time:
       D: 291 daAuts
